AoeStats
← Horizon

Arabian Desert

509342265Analyzed
1v1 RM · 6d ago on Sep 26, 2026· 39m 53s· 2 players
Game mode
Random Map
Map size
Tiny (2 player)
Population
200
Speed
Normal
Resources
Standard
Victory
Conquest
Starting age
Dark Age
Ending age
Imperial Age
RankedLock teamsTeams togetherTeam positionsShared explorationLock speedFull tech treeHidden civsTurbo modeCheats
Victory
Defeat
🇵🇰 Bengalis · Pakistan
1439
+15
🇺🇸 Cumans · United States
1407
-15
Kornfed
6:03 Loom
8:31 Feudal Age
9:08 Double-Bit Axe
10:26 Horse Collar
13:32 Scale Mail Armor
17:22 Fletching
18:20 Padded Archer Armor
20:05 Town Watch
22:57 Wheelbarrow
26:04 Castle Age
25:29 Bloodlines
26:17 Scale Barding Armor
30:14 Forging
Horizon
6:04 Loom
9:15 Feudal Age
9:54 Double-Bit Axe
12:29 Fletching
13:38 Town Watch
23:38 Castle Age
22:40 Padded Archer Armor
22:48 Horse Collar
23:15 Gold Mining
24:32 Bodkin Arrow
23:58 Crossbowman
28:38 Wheelbarrow
37:59 Bow Saw
40:15 Leather Archer Armor
Connection lost

Rejoining the realm…

Still unreachable

The connection could not be restored.

Session expired

The server has moved on; the page needs a fresh start.